 Dungeon Crawl Stone Soup version 0.29-a0-872-g797fff5ad1 (webtiles) character file.

Game seed: 13233154793276239989

29 Orthodox the Trooper (level 3, 0/29 HPs)
             Began as a Demonspawn Fighter on July 19, 2022.
             Slain by an adder (3 damage)
             ... on level 2 of the Dungeon.
             The game lasted 00:05:22 (1370 turns).

Orthodox the Trooper (Demonspawn Fighter)           Turns: 1370, Time: 00:05:22

Health: 0/29       AC:  7    Str: 16    XL:     3   Next: 1%
Magic:  3/3        EV:  8    Int:  9    God:
Gold:   47         SH:  5    Dex: 14    Spells: 2/2 levels left

rFire   . . .      SeeInvis .   a - +0 flail
rCold   . . .      Faith    .   c - +0 buckler
rNeg    . . .      Spirit   .   b - +0 scale mail
rPois   .          Reflect  .   (no helmet)
rElec   .          Harm     .   (no cloak)
rCorr   .          Rampage  .   (no gloves)
Will    .....                   e - +0 pair of boots
Stlth   ..........              (no amulet)
HPRegen 0.09/turn               (no ring)
MPRegen 0.16/turn               (no ring)

@: mighty
A: magic regeneration
a: no special abilities


You were on level 2 of the Dungeon.
You visited 1 branch of the dungeon, and saw 2 of its levels.

You collected 47 gold pieces.

Inventory:

Hand Weapons
 a - a +0 flail (weapon)
Missiles
 i - 6 silver javelins (quivered)
 k - 5 datura-tipped darts
Armour
 b - a +0 scale mail (worn)
 c - a +0 buckler (worn)
 e - a +0 pair of boots (worn)
Scrolls
 f - a scroll of identify {unknown}
 h - a scroll of fear {unknown}
 j - a scroll of blinking {unknown}
 l - a scroll of enchant armour {unknown}


   Skills:
 * Level 3.4 Fighting
 * Level 2.3 Maces & Flails
 + Level 2.9 Armour
 + Level 2.9 Shields


You had 2 spell levels left.
You didn't know any spells.
Your spell library contained the following spells:

 Spells                   Type           Power      Damage    Failure   Level
 Summon Forest            Summ/Tloc      0%         N/A       100%        5
 Summon Mana Viper        Hex/Summ       0%         N/A       100%        5
 Summon Cactus Giant      Summ           0%         N/A       100%        6


Dungeon Overview and Level Annotations

Branches:
Dungeon (2/15)

Altars:


Innate Abilities, Weirdness & Mutations

You regenerate magic rapidly.


Message History

You are more poisoned.
The adder poisons you! The adder bites you but does no damage.
You take 4 damage, and have 15/29 hp.
You closely miss the adder.
The adder is heavily wounded.
You feel very sick. The adder bites you but does no damage.
You take 3 damage, and have 12/29 hp.
You hit the adder.
The adder is severely wounded.
You feel sick. The adder closely misses you.
The adder bites you but does no damage.
You take 1 damage, and have 11/29 hp.
You closely miss the adder.
The adder is severely wounded.
You feel sick. The adder bites you but does no damage.
You block the adder's attack.
You take 2 damage, and have 9/29 hp.
It was a potion of magic.
Magic courses through your body.
You feel sick. The adder bites you but does no damage.
You take 1 damage, and have 8/29 hp.
You feel very mighty all of a sudden.
You feel sick. The adder bites you.
* * * LOW HITPOINT WARNING * * *
The adder barely misses you.
You take 2 damage, and have 6/29 hp.
You closely miss the adder.
The adder is severely wounded.
You feel sick. The adder bites you but does no damage.
You take 2 damage, and have 4/29 hp.
You barely miss the adder.
The adder is severely wounded.
You feel sick.
You are no longer poisoned.
You block the adder's attack. x2
You take 1 damage, and have 3/29 hp.
You barely miss the adder.
The adder is severely wounded.
The adder bites you but does no damage. The adder bites you.
You die...

#.# #.# #.# ...# #.#
..... #.# ....) #.#
.....##+## #.#
#........##########.#
#........').S@......#
.........############
.........# .........#
.....S...# #........#
.........# ..........
..........#


You could see an adder.

Vanquished Creatures
  An adder (D:2)
  A bat (D:1)
  An endoplasm (D:1)
  A giant cockroach (D:2)
  A goblin (D:1)
  A hobgoblin (D:1)
  3 kobolds
  3 quokkas (D:1)
  3 ball pythons (D:1)
  2 frilled lizards (D:1)
  2 rats (D:1)
19 creatures vanquished.

Notes
Turn   | Place    | Note
-------+----------+-------------------------------------------
     0 | D:1      | Orthodox the Demonspawn Fighter began the quest for the
                  | Orb.
     0 | D:1      | Reached XP level 1. HP: 18/18 MP: 1/1
   405 | D:1      | Gained mutation: You regenerate magic rapidly. [demonic
                  | ancestry]
   405 | D:1      | Reached XP level 2. HP: 23/24 MP: 2/2
  1246 | D:2      | Reached XP level 3. HP: 23/29 MP: 3/3
  1370 | D:2      | Slain by an adder

Illustrated notes

Levels and vault maps discovered:
D:1:      dpeg_arrival_arbitrary_a, layout_basic
D:2:      layout_basic

Skill      XL: |  1 |
---------------+----+-----
Maces & Flails | 2 |  2.3
Fighting       | |  3.4
Armour         | |  2.9
Shields        | |  2.9

Action                   || total
-------------------------++-------
Melee: Flail             ||   100
  Use: Potion            ||     2
Armor: Scale mail        ||    61
Dodge: Dodged            ||    48
Block: Buckler           ||    40

Table legend: (Time is in decaauts)
 A = Elapsed time spent in this place.
 B = Non-inter-level travel time spent in this place.
 C = Inter-level travel time spent in this place.
 D = Time resting spent in this place.
 E = Time spent auto-exploring this place.
 F = Levels seen in this place.
 G = Mean time per level.
                   A        B        C        D        E       F      G
               +--------+--------+--------+--------+--------+-----+--------+
         Total |   1407 |   1211 |    196 |    205 |    740 |   2 |  703.5 |
       Dungeon |   1407 |   1211 |    196 |    205 |    740 |   2 |  703.5 |
               +--------+--------+--------+--------+--------+-----+--------+

Top non-repeatable levels by time:
     D:1: 1202 daAuts
     D:2: 205 daAuts
